[Event "Titled Tuesday Blitz April 4 Late 2023"]
[White "lluiss"]
[Black "Oliveira, Tiago Batista"]
[BlackFideId "2108291"]
[WhiteElo "2256"]
[BlackElo "1962"]
[Result "1-0"]
[Round "09"]
[TimeControl "180+2"]
[Date "2023.04.04"]
[WhiteClock "0:00:02"]
[BlackClock "0:00:02"]

1. c4 Nf6 2. Nc3 g6 3. g3 Bg7 4. Bg2 O-O 5. e4 c5 6. Nge2 Nc6 7. O-O d6 8. h3 Rb8 9. d3 a6 10. f4 Ne8 11. a4 Nd4 12. Be3 Nc7 13. a5 b5 14. axb6 Rxb6 15. Ra2 Bd7 16. Bf2 Nce6 17. f5 Nxe2+ 18. Nxe2 gxf5 19. exf5 Nc7 20. d4 Bxf5 21. dxc5 dxc5 22. Bxc5 Qxd1 23. Rxd1 Rxb2 24. Rxb2 Bxb2 25. Bxe7 Re8 26. Rd8 Kg7 27. Rxe8 Nxe8 28. c5 a5 29. c6 Be5 30. Nf4 a4 31. c7 Bxc7 32. Bc6 Bd6 33. Bxd6 Nxd6 34. Bxa4 Ne4 35. Kh2 Ng5 36. Bd1 Ne6 37. Nxe6+ fxe6 38. h4 e5 39. Kg1 Kg6 40. Kf2 h5 41. Ke3 Bb1 42. Be2 Bf5 43. Bb5 Bb1 44. Be8+ Kh6 45. Kf2 Bc2 46. Ke3 Bb1 47. Kd2 Bf5 48. Kc3 Bg4 49. Kd2 Kg7 50. Ke3 Kf6 51. Bc6 Kf5 52. Bd7+ Kf6 53. Bc6 1-0


[Site "https://www.chess.com"]

[Event "Titled Tuesday Blitz April 4 Late 2023"]
[White "Svicevic, Rastko"]
[Black "tandercat"]
[WhiteFideId "916315"]
[WhiteElo "2071"]
[BlackElo "1944"]
[Result "1-0"]
[Round "09"]
[TimeControl "180+2"]
[Date "2023.04.04"]
[WhiteClock "0:00:57"]
[BlackClock "0:00:01"]

1. d4 d5 2. Bg5 h6 3. Bh4 c6 4. e3 Qb6 5. b3 e5 6. c3 Be7 7. Bxe7 Nxe7 8. dxe5 Ng6 9. Nf3 O-O 10. Bd3 Bg4 11. Bxg6 fxg6 12. Nbd2 Nd7 13. h3 Bxf3 14. Nxf3 Rae8 15. Qd3 Nxe5 16. Nxe5 Rxe5 17. O-O Re4 18. c4 Re5 19. cxd5 cxd5 20. Rac1 Qd6 21. Rfd1 Qf6 22. Rc2 g5 23. Rdd2 h5 24. Rc5 Rd8 25. Qd4 b6 26. Rc7 g4 27. hxg4 hxg4 28. Qxg4 Rg5 29. Qh3 Rf8 30. Rcc2 Rg6 31. Rd4 Rh6 32. Qg3 Rg6 33. Rg4 Rxg4 34. Qxg4 Qa1+ 35. Kh2 Qe5+ 36. Qg3 Qh5+ 37. Qh3 Qe5+ 38. g3 Qe4 39. Rd2 1-0


[Site "https://www.chess.com"]

[Event "Titled Tuesday Blitz April 4 Late 2023"]
[White "Kornyukov, Alexey"]
[Black "Burke, Paul"]
[WhiteFideId "4150457"]
[BlackFideId "2605767"]
[WhiteElo "2352"]
[BlackElo "1865"]
[Result "1-0"]
[Round "09"]
[TimeControl "180+2"]
[Date "2023.04.04"]
[WhiteClock "0:00:11"]
[BlackClock "0:00:08"]

1. d4 a6 2. e4 d6 3. Bd3 g6 4. h4 h6 5. Ne2 Bg7 6. Be3 Nd7 7. Qd2 e5 8. Nbc3 Ne7 9. f4 f5 10. fxe5 dxe5 11. O-O-O f4 12. Bf2 g5 13. hxg5 hxg5 14. Rxh8+ Bxh8 15. Rh1 Bg7 16. g3 Nf6 17. dxe5 Ng4 18. Bc5 Bxe5 19. gxf4 gxf4 20. Nxf4 b6 21. Bxe7 Qxe7 22. Ng6 Qd6 23. Nxe5 Qxe5 24. Bc4 Bd7 25. Bd5 c6 26. Bc4 O-O-O 27. Bxa6+ Kb8 28. Qe2 Be6 29. a3 Nf6 30. Bc4 Nd7 31. Bxe6 Qxe6 32. Qe3 Nc5 33. Kb1 Qe5 34. Rh7 Re8 35. b4 1-0


[Site "https://www.chess.com"]

[Event "Titled Tuesday Blitz April 4 Late 2023"]
[White "Winkels, Marcel"]
[Black "Lock, Gavin R"]
[WhiteFideId "1003887"]
[BlackFideId "408646"]
[WhiteElo "1900"]
[BlackElo "2104"]
[Result "0-1"]
[Round "09"]
[TimeControl "180+2"]
[Date "2023.04.04"]
[WhiteClock "0:00:01"]
[BlackClock "0:00:12"]

1. d4 d5 2. Nc3 Nf6 3. Bf4 c5 4. e4 Nxe4 5. Nxe4 dxe4 6. Bb5+ Nc6 7. d5 Qa5+ 8. Qd2 Qxb5 9. dxc6 Qxc6 10. O-O-O Bg4 11. f3 exf3 12. Nxf3 Bxf3 13. gxf3 e6 14. Bg5 f6 15. Bh4 Be7 16. Rhg1 Rd8 17. Qe2 Rxd1+ 18. Rxd1 Kf7 19. f4 g6 20. Qc4 b5 21. Qe2 Rd8 22. Re1 Qd5 23. Kb1 c4 24. Bg3 b4 25. Bf2 a5 26. Bb6 Rd7 27. Bf2 c3 28. h4 cxb2 29. Bg3 a4 30. h5 b3 31. axb3 axb3 32. cxb3 Qxb3 33. Qxb2 Qxb2+ 34. Kxb2 Rd3 35. Bf2 Rd2+ 0-1


[Site "https://www.chess.com"]

[Event "Titled Tuesday Blitz April 4 Late 2023"]
[White "Matute Escobar, Roxanny"]
[Black "ritanovikova"]
[WhiteFideId "3926028"]
[WhiteElo "1844"]
[BlackElo "2202"]
[Result "0-1"]
[Round "09"]
[TimeControl "180+2"]
[Date "2023.04.04"]
[WhiteClock "0:00:08"]
[BlackClock "0:00:22"]

1. e4 d5 2. exd5 Qxd5 3. Nc3 Qd6 4. Bc4 Nf6 5. d3 a6 6. Nge2 Nc6 7. Bf4 Qd8 8. Qd2 e5 9. Bg3 Bd6 10. Qg5 O-O 11. O-O h6 12. Qd2 b5 13. Bb3 Na5 14. Bd5 Nxd5 15. Nxd5 c6 16. Ne3 f5 17. f4 Bc5 18. Kh1 e4 19. b4 Bxe3 20. Qxe3 exd3 21. cxd3 Nb7 22. Nd4 c5 23. bxc5 Nxc5 24. Rac1 Qd6 25. Bh4 Bb7 26. Be7 Qd5 27. Nf3 Rfe8 28. Qxc5 Qxd3 29. Rfd1 Qe2 30. Rf1 Qxe7 31. Qxe7 Rxe7 32. Ne5 g5 33. Ng6 Rg7 34. Ne5 gxf4 35. Rf2 Re8 36. Nd3 f3 37. gxf3 Re3 38. Ne1 Rge7 39. Rf1 f4 40. Rc5 Kh7 41. Nc2 Rxf3 42. Rxf3 Bxf3+ 43. Kg1 Be4 44. Nd4 Bg6 45. Kf2 Rd7 46. Nb3 Rd2+ 47. Kf3 Rxh2 48. Kxf4 Rxa2 49. Rc7+ Kg8 50. Nc5 Bf7 51. Ke5 Re2+ 52. Kf6 Rf2+ 53. Ke7 Re2+ 54. Kf6 Re8 55. Nxa6 h5 56. Rb7 Bc4 57. Nb4 Rf8+ 58. Kg6 h4 59. Rg7+ Kh8 60. Rh7+ Kg8 61. Rxh4 Bf7+ 62. Kg5 Rd8 63. Re4 Bc4 64. Kf6 Rf8+ 65. Kg6 Bb3 66. Nc6 Bc2 67. Ne7+ Kh8 68. Kg5 Bxe4 0-1


[Site "https://www.chess.com"]

[Event "Titled Tuesday Blitz April 4 Late 2023"]
[White "Barria Santos, Jose Guilherme"]
[Black "Vargas, Mauricio"]
[WhiteFideId "1939300"]
[BlackFideId "4404572"]
[WhiteElo "2266"]
[BlackElo "1998"]
[Result "0-1"]
[Round "09"]
[TimeControl "180+2"]
[Date "2023.04.04"]
[WhiteClock "0:00:08"]
[BlackClock "0:00:12"]

1. e4 c5 2. Nf3 d6 3. d4 cxd4 4. Nxd4 Nf6 5. Nc3 g6 6. Be3 Bg7 7. f3 O-O 8. Qd2 Nc6 9. Bc4 a6 10. O-O-O b5 11. Nxc6 Qc7 12. Nd5 Qb7 13. Nxf6+ Bxf6 14. Bd5 e6 15. Ne7+ Qxe7 16. Bxa8 Rd8 17. Bd4 Bg5 18. f4 Bh6 19. g4 e5 20. Bxe5 Bxg4 21. Rdf1 dxe5 22. Bd5 Bxf4 23. Rxf4 exf4 24. h4 Bh5 25. Rf1 f3 26. Qf4 Kg7 27. Bb3 a5 28. Rg1 a4 29. Bd5 b4 30. Rg5 f6 31. Rg1 Qa7 32. Rf1 Qe7 33. Bc4 a3 34. Bd3 axb2+ 35. Kb1 Ra8 36. Bc4 Qe5 37. Bb3 Qxf4 38. Rd1 Kh6 0-1


[Site "https://www.chess.com"]

[Event "Titled Tuesday Blitz April 4 Late 2023"]
[White "Brahami, Lamine"]
[Black "Srdanovic, Jovana"]
[WhiteFideId "7905637"]
[BlackFideId "954810"]
[WhiteElo "2088"]
[BlackElo "2145"]
[Result "1-0"]
[Round "09"]
[TimeControl "180+2"]
[Date "2023.04.04"]
[WhiteClock "0:00:49"]
[BlackClock "0:00:18"]

1. d4 d5 2. Nf3 Nf6 3. e3 c5 4. Bb5+ Bd7 5. Bxd7+ Nbxd7 6. dxc5 Nxc5 7. O-O e6 8. b3 Bd6 9. Bb2 O-O 10. Nbd2 Rc8 11. c4 Nce4 12. cxd5 exd5 13. Rc1 Rxc1 14. Qxc1 Ng4 15. h3 Ngxf2 16. Rxf2 Nxf2 17. Kxf2 Re8 18. Qc3 f6 19. Qd3 Bc5 20. Nf1 Kh8 21. Bd4 Bxd4 22. Qxd4 Qa5 23. a4 b5 24. axb5 Qxb5 25. N1d2 a5 26. Nh4 Qc6 27. Nf5 Qe6 28. g4 h5 29. Nf3 hxg4 30. Qxg4 Qf7 31. Nd6 Qe7 32. Qh5+ Kg8 33. Qxe8+ Qxe8 34. Nxe8 Kf7 35. Nc7 Ke7 36. Nxd5+ Kd6 37. Nc3 Kc5 38. Nd4 Kb4 39. Nd5+ Kc5 40. Nf4 g5 41. Nd3+ Kd5 42. Kf3 1-0


[Site "https://www.chess.com"]

[Event "Titled Tuesday Blitz April 4 Late 2023"]
[White "Joubert, Dantelle"]
[Black "Briscoe, Chris"]
[WhiteFideId "14310813"]
[BlackFideId "408360"]
[WhiteElo "1507"]
[BlackElo "2111"]
[Result "0-1"]
[Round "09"]
[TimeControl "180+2"]
[Date "2023.04.04"]
[WhiteClock "0:00:20"]
[BlackClock "0:01:38"]

1. d4 a5 2. e4 e5 3. dxe5 Bc5 4. Nf3 Nc6 5. Bc4 Qe7 6. O-O Nxe5 7. Nxe5 Qxe5 8. Nc3 c6 9. Kh1 Nf6 10. f4 Qh5 11. Qxh5 Nxh5 12. e5 d5 13. exd6 Bxd6 14. Re1+ Kd8 15. Be3 Kc7 16. g3 Bf5 17. Kg2 b5 18. Be2 Nf6 19. Rad1 b4 20. Na4 Bxc2 21. Bb6+ Kb7 22. Rxd6 Bxa4 23. Bf2 Rad8 24. Red1 Bxd1 0-1


[Site "https://www.chess.com"]

[Event "Titled Tuesday Blitz April 4 Late 2023"]
[White "Kramnik, Vladimir"]
[Black "Fedoseev, Vladimir"]
[WhiteFideId "4101588"]
[BlackFideId "24130737"]
[WhiteElo "2712"]
[BlackElo "2752"]
[Result "1/2-1/2"]
[Round "10"]
[TimeControl "180+2"]
[Date "2023.04.04"]
[WhiteClock "0:00:05"]
[BlackClock "0:00:13"]

1. e4 c6 2. d4 d5 3. Nd2 dxe4 4. Nxe4 Bf5 5. Ng3 Bg6 6. h4 h6 7. Nf3 Nd7 8. h5 Bh7 9. Bd3 Bxd3 10. Qxd3 Ngf6 11. Bd2 e6 12. O-O-O Be7 13. Ne4 Nxe4 14. Qxe4 Nf6 15. Qe2 Qd5 16. Kb1 b5 17. Ne5 Qxg2 18. Rhg1 Qe4 19. Be3 Rh7 20. f3 Qd5 21. Qd3 a6 22. c3 Kf8 23. Rg3 Kg8 24. Rdg1 Bf8 25. Qd2 Nxh5 26. Rh3 Nf6 27. Rxh6 Rxh6 28. Bxh6 Ne8 29. Ka1 c5 30. Qf4 f6 31. Ng6 Qh5 32. Qe4 Nc7 33. Nxf8 Qxh6 34. Nxe6 Re8 35. d5 Nxe6 36. dxe6 Qh5 37. Qc6 Re7 38. Qxa6 c4 39. Qc6 Qe8 40. Qd5 Rxe6 41. Re1 Kf7 42. f4 Qc6 43. Qh5+ Ke7 44. Rg1 Kd6 45. a3 Re7 46. Rd1+ Kc7 47. Rd5 Kb6 48. Ka2 Rd7 49. Rxd7 Qxd7 50. Qg6 Kc6 51. Qg3 Kb6 52. Qg2 Qe7 53. Qf3 g5 54. Qf2+ Qc5 55. Qg3 Qd6 56. Qf2+ Qc5 57. Qg3 Qd5 58. Qf2+ Kc6 59. fxg5 fxg5 60. Qf6+ Kd7 61. Qg7+ Kd6 62. Qg6+ Ke7 63. Qg7+ Ke8 64. Qg6+ Kf8 65. Qf6+ Ke8 66. Qg6+ Kd7 67. Qg7+ Kc6 68. Qf6+ Kc7 69. Qg7+ Kb6 70. Qf6+ Kc5 71. Qe7+ Kc6 72. Qf6+ 1/2-1/2


[Site "https://www.chess.com"]

[Event "Titled Tuesday Blitz April 4 Late 2023"]
[White "Alekseenko, Kirill"]
[Black "Maghsoodloo, Parham"]
[WhiteFideId "4135539"]
[BlackFideId "12539929"]
[WhiteElo "2683"]
[BlackElo "2647"]
[Result "0-1"]
[Round "10"]
[TimeControl "180+2"]
[Date "2023.04.04"]
[WhiteClock "0:00:03"]
[BlackClock "0:00:09"]

1. e4 Nf6 2. e5 Nd5 3. d4 d6 4. c4 Nb6 5. f4 g6 6. Nc3 Bg7 7. Be3 Be6 8. Rc1 O-O 9. b3 c5 10. dxc5 N6d7 11. cxd6 exd6 12. Qxd6 Nc6 13. Nf3 Re8 14. Be2 f6 15. O-O fxe5 16. Ng5 Bf8 17. Qd2 Bc5 18. Nxe6 Rxe6 19. Bg4 Rd6 20. Qf2 Bxe3 21. Qxe3 Nf6 22. Bh3 Rd3 23. Qf2 e4 24. Nd5 Nd4 25. Rce1 Nxd5 26. cxd5 Qxd5 27. Re3 Re8 28. Rfe1 Rxe3 29. Rxe3 Qc5 30. f5 Nxf5 31. Bxf5 Qxf5 32. Qxf5 gxf5 33. Rc3 Kf7 34. Kf2 Ke6 35. Ke3 Re7 36. g3 Kd6 37. Rc8 Rc7 38. Rh8 Rc3+ 39. Kd4 Rd3+ 40. Kc4 b5+ 41. Kxb5 Kd5 42. Rd8+ Ke5 43. Re8+ Kd4 44. Kb4 e3 45. Re7 a6 46. a4 Rd2 47. Ka5 e2 48. Kxa6 Kc3 49. a5 Kxb3 50. Kb7 Kc2 51. a6 Kd1 52. a7 Rb2+ 53. Kc8 Ra2 54. Kb8 Rxa7 55. Kxa7 e1=Q 56. Rxe1+ Kxe1 57. Kb6 Kf2 58. Kc5 Kg2 59. Kd4 Kxh2 60. Ke5 Kxg3 61. Kxf5 h5 0-1


[Site "https://www.chess.com"]

[Event "Titled Tuesday Blitz April 4 Late 2023"]
[White "Andreikin, Dmitry"]
[Black "Indjic, Aleksandar"]
[WhiteFideId "4158814"]
[BlackFideId "911925"]
[WhiteElo "2736"]
[BlackElo "2614"]
[Result "0-1"]
[Round "10"]
[TimeControl "180+2"]
[Date "2023.04.04"]
[WhiteClock "0:00:02"]
[BlackClock "0:00:15"]

1. d4 Nf6 2. c4 e6 3. Nf3 c5 4. Nc3 cxd4 5. Nxd4 Nc6 6. Bg5 Be7 7. e3 Qa5 8. Bh4 Ne4 9. Bxe7 Nxc3 10. Qd2 Nxe7 11. Nb5 d5 12. Nd6+ Kf8 13. Nb5 Bd7 14. Nxc3 Bc6 15. Rd1 dxc4 16. Bxc4 Bxg2 17. Rg1 Bf3 18. Rg5 Qc7 19. Nb5 Qb8 20. Qc3 Rg8 21. Rd4 Qxh2 22. Rf4 Qh1+ 23. Bf1 Bd5 24. Nd6 f5 25. e4 h6 26. Rg3 Bxe4 27. Nxe4 Rc8 28. Nc5 Qd5 29. b4 b6 0-1


[Site "https://www.chess.com"]

[Event "Titled Tuesday Blitz April 4 Late 2023"]
[White "Sargsyan, Shant"]
[Black "Erigaisi Arjun"]
[WhiteFideId "13306766"]
[BlackFideId "35009192"]
[WhiteElo "2628"]
[BlackElo "2737"]
[Result "1-0"]
[Round "10"]
[TimeControl "180+2"]
[Date "2023.04.04"]
[WhiteClock "0:00:09"]
[BlackClock "0:00:04"]

1. Nf3 d6 2. d4 g6 3. e4 Bg7 4. Nc3 a6 5. a4 Nf6 6. h3 O-O 7. Be3 Nc6 8. Qd2 e5 9. dxe5 Nxe5 10. Nxe5 dxe5 11. Qxd8 Rxd8 12. Bc4 Rd6 13. Ke2 Rc6 14. b3 Be6 15. Nd5 Kf8 16. f3 Ne8 17. Rhd1 f5 18. Bc1 Kf7 19. Ba3 Bf8 20. Bxf8 Kxf8 21. Ne3 Ke7 22. Bd5 Rd6 23. Nc4 Rdd8 24. Nxe5 Bxd5 25. exd5 Nf6 26. c4 Re8 27. Kf2 Kd6 28. Nd3 a5 29. Nf4 Nd7 30. Ne6 Nc5 31. Nd4 Re5 32. Kg3 Rae8 33. h4 Re3 34. Rab1 Nd3 35. Nb5+ Kd7 36. Rd2 f4+ 37. Kh2 Nc5 38. b4 axb4 39. Rxb4 Re1 40. d6 c6 41. Nc3 R8e5 42. Ne4 Nxe4 43. Rxb7+ Kd8 44. Rb8+ Kd7 45. Rb7+ Kd8 46. fxe4 Rh5 47. g3 Rxe4 48. d7 fxg3+ 49. Kxg3 Re3+ 50. Kf2 1-0


[Site "https://www.chess.com"]

[Event "Titled Tuesday Blitz April 4 Late 2023"]
[White "Duda, Jan-Krzysztof"]
[Black "Zhigalko, Sergei"]
[WhiteFideId "1170546"]
[BlackFideId "13502956"]
[WhiteElo "2790"]
[BlackElo "2626"]
[Result "1-0"]
[Round "10"]
[TimeControl "180+2"]
[Date "2023.04.04"]
[WhiteClock "0:00:04"]
[BlackClock "0:00:01"]

1. e4 c5 2. Nf3 Nc6 3. Bb5 Nf6 4. Bxc6 dxc6 5. d3 Bg4 6. Nbd2 Qc7 7. h3 Bh5 8. a4 Nd7 9. Nc4 b5 10. Ne3 e6 11. b3 Bd6 12. g4 Bg6 13. Bb2 f6 14. h4 Bf7 15. Rg1 Bf4 16. Qe2 O-O 17. Ng2 Bd6 18. h5 h6 19. Ngh4 Rfe8 20. Kf1 Bf4 21. e5 c4 22. dxc4 bxc4 23. exf6 gxf6 24. Qxc4 e5 25. Qe2 Nc5 26. Nf5 Rad8 27. Kg2 Ne6 28. Rad1 Bg5 29. Kh1 Nf4 30. Qe3 Bd5 31. Kh2 Bxf3 32. Qxf3 e4 33. Qg3 Qc8 34. Rxd8 Qxd8 35. Re1 Qd2 36. Re3 Qxc2 37. Bxf6 Bxf6 38. Qxf4 Bg5 39. Nxh6+ Bxh6 40. g5 Bg7 41. Kg2 Qd2 42. h6 Be5 43. Qf5 1-0


[Site "https://www.chess.com"]

[Event "Titled Tuesday Blitz April 4 Late 2023"]
[White "Hakobyan, Aram"]
[Black "Kollars, Dmitrij"]
[WhiteFideId "13306677"]
[BlackFideId "12909572"]
[WhiteElo "2584"]
[BlackElo "2584"]
[Result "1-0"]
[Round "10"]
[TimeControl "180+2"]
[Date "2023.04.04"]
[WhiteClock "0:01:02"]
[BlackClock "0:00:11"]

1. d4 Nf6 2. c4 e6 3. Nc3 Bb4 4. e3 O-O 5. a3 Bxc3+ 6. bxc3 c6 7. Ne2 d5 8. Ng3 b6 9. Bd3 Ba6 10. cxd5 Bxd3 11. Qxd3 cxd5 12. f3 Nc6 13. e4 e5 14. Bb2 Qc7 15. O-O Na5 16. Rae1 Rfe8 17. Nf5 g6 18. Nh6+ Kg7 19. Bc1 Rac8 20. Qd2 Nh5 21. Ng4 Qxc3 22. Qh6+ Kh8 23. dxe5 Nc4 24. Bg5 Rxe5 25. Nf6 1-0


[Site "https://www.chess.com"]

[Event "Titled Tuesday Blitz April 4 Late 2023"]
[White "Holt, Conrad"]
[Black "Sadhwani, Raunak"]
[WhiteFideId "2034387"]
[BlackFideId "35093487"]
[WhiteElo "2592"]
[BlackElo "2631"]
[Result "0-1"]
[Round "10"]
[TimeControl "180+2"]
[Date "2023.04.04"]
[WhiteClock "0:00:04"]
[BlackClock "0:00:06"]

1. d4 d6 2. Nf3 g6 3. c4 Bg7 4. Nc3 Nd7 5. e4 c6 6. Be2 Ngf6 7. O-O O-O 8. Qc2 e5 9. Rd1 Qe7 10. d5 c5 11. a3 Nh5 12. g3 b6 13. Bg5 Bf6 14. Bh6 Bg7 15. Bg5 Bf6 16. Qd2 Bxg5 17. Qxg5 Ndf6 18. Ne1 Ng7 19. h4 Re8 20. Nd3 Ba6 21. b3 Rec8 22. Re1 Kf8 23. Bf1 Ng8 24. Qd2 Nf6 25. Bh3 Re8 26. f4 exf4 27. gxf4 Nfh5 28. Qf2 Bc8 29. Bg2 Kg8 30. Re3 Nf5 31. Ree1 Nxh4 32. Bh1 g5 33. fxg5 Qxg5+ 34. Kh2 Ng6 35. Rg1 Qh6 36. Kg2 Bh3+ 37. Kh2 Bd7 38. Kg2 Rf8 39. Kf1 Kh8 40. Re1 Rae8 41. Bf3 f5 42. e5 dxe5 43. Rh1 e4 44. Bxh5 exd3 45. Rxe8 Rxe8 46. Bf3 Qc1+ 47. Nd1 Qf4 48. Bh5 Qg5 49. Qb2+ Kg8 50. Nf2 d2 51. Be2 Qe3 52. Bd1 Qe1+ 53. Kg2 Nf4+ 54. Kg3 Qe3+ 55. Bf3 Ne2+ 56. Kg2 Qg5+ 57. Bg4 fxg4 58. Rd1 Nf4+ 59. Kg3 Nh5+ 60. Kg2 g3 61. Rxd2 gxf2+ 62. Kxf2 Qg3+ 63. Kf1 Re1# 0-1


[Site "https://www.chess.com"]

[Event "Titled Tuesday Blitz April 4 Late 2023"]
[White "Kravtsiv, Martyn"]
[Black "Bortnyk, Olexandr"]
[WhiteFideId "14113147"]
[BlackFideId "14120828"]
[WhiteElo "2695"]
[BlackElo "2734"]
[Result "0-1"]
[Round "10"]
[TimeControl "180+2"]
[Date "2023.04.04"]
[WhiteClock "0:00:02"]
[BlackClock "0:00:18"]

1. Nf3 Nf6 2. g3 b6 3. Bg2 Bb7 4. c4 g6 5. O-O Bg7 6. d4 O-O 7. d5 Na6 8. Nc3 Nc5 9. Nd4 e5 10. Nc2 a5 11. e4 Ne8 12. b3 Nd6 13. Be3 Qe7 14. Qe2 f5 15. Bxc5 bxc5 16. Na4 Nf7 17. exf5 gxf5 18. Ne3 Nd6 19. Nxc5 Bc8 20. Nc2 f4 21. Ne4 Qf7 22. c5 Ba6 23. Qg4 Bxf1 24. Rxf1 h5 25. Qh3 Nf5 26. Bf3 h4 27. gxh4 Kh8 28. Kh1 Ra6 29. Ng5 Qe7 30. Be4 Nh6 31. Qf3 Qxc5 32. Rg1 a4 33. b4 Qe7 34. Bd3 Rd6 35. Qe4 Bf6 36. Nf3 Rg8 37. Rg6 Rxg6 38. Qxg6 Bxh4 39. Nxh4 Qf7 40. Qg5 Qxd5+ 41. Kg1 Qxd3 42. Qxe5+ Kg8 43. Qe8+ Kg7 44. Qe7+ Nf7 0-1


[Site "https://www.chess.com"]

[Event "Titled Tuesday Blitz April 4 Late 2023"]
[White "Bluebaum, Matthias"]
[Black "Beerdsen, Thomas"]
[WhiteFideId "24651516"]
[BlackFideId "1030108"]
[WhiteElo "2638"]
[BlackElo "2547"]
[Result "0-1"]
[Round "10"]
[TimeControl "180+2"]
[Date "2023.04.04"]
[WhiteClock "0:00:02"]
[BlackClock "0:00:16"]

1. d4 Nf6 2. c4 a6 3. Nc3 b5 4. cxb5 axb5 5. Nxb5 e5 6. dxe5 Ne4 7. Nc3 Bb4 8. Bd2 Nxd2 9. Qxd2 O-O 10. Nf3 Nc6 11. a3 Qe7 12. Rc1 Ba5 13. b4 Bb6 14. Nd5 Qe6 15. Nxb6 cxb6 16. Qb2 Bb7 17. e3 Rfe8 18. Be2 Nxe5 19. Nxe5 Qxe5 20. Qxe5 Rxe5 21. Bf3 Be4 22. Bxe4 Rxe4 23. Ke2 d5 24. Rhd1 g6 25. Rc3 Rc4 26. Rcd3 Kg7 27. R1d2 h5 28. Kf3 Rg4 29. h3 Rc4 30. Rb3 Rd8 31. a4 Ra8 32. Ra2 d4 33. e4 Rac8 34. a5 Rc3+ 35. Rxc3 dxc3 36. Rc2 bxa5 37. bxa5 Ra8 38. Rxc3 Rxa5 39. h4 Ra4 40. Rd3 Rb4 41. Ke3 Ra4 42. Rd4 Ra1 43. Kf3 Ra3+ 44. Kf4 Ra2 45. Kg3 Ra1 46. f3 Re1 47. Kf4 Re2 48. g3 Re1 49. Rd5 Re2 50. Rc5 Re1 51. Rc3 Re2 52. Re3 Ra2 53. Rd3 Re2 54. Rd4 Re1 55. e5 Re2 56. Re4 Ra2 57. Rb4 Re2 58. Rb3 Re1 59. Re3 Ra1 60. Re4 Rb1 61. Ke3 Rf1 62. Ke2 Rg1 63. Kf2 Ra1 64. Re2 Ra5 65. Kg2 Ra3 66. Kf2 Rb3 67. Rd2 Ra3 68. Rc2 Rb3 69. Rc5 Rb2+ 70. Ke3 Rb4 71. Rd5 Rb1 72. Rd7 Re1+ 73. Kf4 Re2 74. Re7 Re1 75. Kg5 Rf1 76. f4 Rg1 77. f5 Rxg3+ 78. Kf4 Rg4+ 79. Kf3 gxf5 80. e6 Kf6 81. Rxf7+ Kxe6 82. Rh7 Rxh4 83. Kg3 Rg4+ 84. Kf3 h4 85. Rh6+ Ke5 86. Ra6 Rg3+ 87. Kf2 Kf4 88. Rh6 Kg5 89. Rh8 Rb3 90. Kg2 Kg4 91. Rg8+ Kf4 92. Kh2 Kf3 93. Kh3 Rb1 94. Kh2 f4 95. Ra8 Rb2+ 96. Kh3 Ke2 97. Re8+ Kf1 98. Rf8 Rf2 99. Kxh4 Kg2 100. Kg4 f3 101. Rf4 Rf1 102. Rf5 f2 103. Rf3 Rg1 104. Kh4 f1=Q 105. Rg3+ Kf2 106. Rg4 Rxg4+ 107. Kh5 Qh3# 0-1


[Site "https://www.chess.com"]

[Event "Titled Tuesday Blitz April 4 Late 2023"]
[White "Makarian, Rudik"]
[Black "Naroditsky, Daniel"]
[WhiteFideId "44105681"]
[BlackFideId "2026961"]
[WhiteElo "2430"]
[BlackElo "2633"]
[Result "0-1"]
[Round "10"]
[TimeControl "180+2"]
[Date "2023.04.04"]
[WhiteClock "0:00:17"]
[BlackClock "0:01:16"]

1. e4 c5 2. b3 Nc6 3. Bb2 Nf6 4. e5 Nd5 5. Nf3 d6 6. Bb5 Bd7 7. exd6 e6 8. O-O Bxd6 9. Bxg7 Rg8 10. Bb2 Qc7 11. Nc3 O-O-O 12. Nxd5 exd5 13. Bxc6 Bh3 14. g3 Bxg3 15. Kh1 Bf4 16. Nh4 Qxc6 17. Qf3 Bxf1 18. Rxf1 Qh6 19. Qh3+ Kb8 20. Re1 Qh5 21. Bf6 Rd6 22. Qc3 d4 0-1


[Site "https://www.chess.com"]

[Event "Titled Tuesday Blitz April 4 Late 2023"]
[White "tuschessCM1"]
[Black "Paravyan, David"]
[BlackFideId "4194985"]
[WhiteElo "2761"]
[BlackElo "2563"]
[Result "0-1"]
[Round "10"]
[TimeControl "180+2"]
[Date "2023.04.04"]
[WhiteClock "0:00:09"]
[BlackClock "0:00:13"]

1. c4 c5 2. Nf3 Nf6 3. d4 cxd4 4. Nxd4 Nc6 5. Nc3 e6 6. g3 Qb6 7. Nb3 Ne5 8. e4 Bb4 9. Qe2 d6 10. f4 Ned7 11. Bd2 Nc5 12. Nxc5 Bxc5 13. Na4 Qc6 14. Nxc5 dxc5 15. Bg2 e5 16. Bc3 Bg4 17. Qe3 Be6 18. b3 O-O-O 19. O-O Rhe8 20. h3 exf4 21. gxf4 Bf5 22. e5 Be4 23. Bxe4 Nxe4 24. Rae1 f5 25. Rd1 Rd7 26. Rxd7 Qxd7 27. e6 Rxe6 28. Be5 Rg6+ 29. Kh2 Rg3 30. Rf3 Rxf3 31. Qxf3 Qd2+ 32. Qg2 Qxg2+ 33. Kxg2 Kd7 34. Bxg7 Ke6 35. Kf3 Kf7 36. Be5 Kg6 37. Bb8 a6 38. Bc7 Kh5 39. Bd8 Nc3 40. a3 Ne4 41. Be7 Nd2+ 42. Ke2 Nxb3 43. Kd3 Nd4 44. Bxc5 Ne6 45. Be3 Kh4 46. c5 Kxh3 47. Kc4 Nc7 48. Bd4 Kg4 49. Be5 Nb5 50. a4 Na7 51. Kd5 h5 52. Kd6 h4 53. Bd4 Nc6 54. Bg1 h3 55. Kc7 Kg3 56. Kxb7 Nb4 57. c6 Nxc6 58. Kxc6 Kg2 59. Kd5 Kxg1 60. Ke5 h2 61. Kxf5 h1=Q 62. Ke6 Qg2 63. f5 Qa2+ 64. Ke5 Qxa4 65. f6 Qe8+ 66. Kd6 Qf7 67. Ke5 a5 68. Kf5 a4 69. Ke5 a3 0-1


[Site "https://www.chess.com"]

[Event "Titled Tuesday Blitz April 4 Late 2023"]
[White "Thomforde-Toates, Noah"]
[Black "Chigaev, Maksim"]
[WhiteFideId "30951992"]
[BlackFideId "4108116"]
[WhiteElo "2724"]
[BlackElo "2547"]
[Result "0-1"]
[Round "10"]
[TimeControl "180+2"]
[Date "2023.04.04"]
[WhiteClock "0:00:05"]
[BlackClock "0:00:19"]

1. e4 c5 2. Nf3 Nc6 3. Nc3 Nf6 4. d4 cxd4 5. Nxd4 e5 6. Ndb5 d6 7. Bg5 a6 8. Na3 b5 9. Nd5 Be7 10. Bxf6 Bxf6 11. c4 Nd4 12. Nc2 Bg4 13. Qd3 bxc4 14. Qxc4 Rc8 15. Nxd4 Rxc4 16. Bxc4 exd4 17. O-O O-O 18. Bxa6 d3 19. Bxd3 Bxb2 20. Rab1 Bd4 21. a4 Be6 22. Bc4 Bxd5 23. Bxd5 Qa5 24. Bc6 g6 25. g3 Kg7 26. Kg2 Rc8 27. Bd5 Rc7 28. Rfd1 Qxa4 29. Rb3 Bc5 30. Rdb1 Qd4 31. Rf3 Re7 32. Rbb3 f6 33. Rbd3 Qa4 34. Rf4 Re5 35. Rb3 Rxd5 36. Rb7+ Kh6 37. exd5 Qa2 38. Rh4+ Kg5 39. Rbxh7 Qxf2+ 40. Kh3 Qf1# 0-1


[Site "https://www.chess.com"]

[Event "Titled Tuesday Blitz April 4 Late 2023"]
[White "Matinian, Nikita"]
[Black "Makhnev, Denis"]
[WhiteFideId "24129100"]
[BlackFideId "13707647"]
[WhiteElo "2422"]
[BlackElo "2515"]
[Result "0-1"]
[Round "10"]
[TimeControl "180+2"]
[Date "2023.04.04"]
[WhiteClock "0:00:04"]
[BlackClock "0:00:04"]

1. e4 e5 2. Nf3 Nc6 3. Bb5 a6 4. Ba4 Nf6 5. O-O Be7 6. d3 b5 7. Bb3 d6 8. a3 O-O 9. Nc3 Be6 10. Nd5 h6 11. h3 Na5 12. Ba2 c5 13. b4 Nc6 14. Bd2 Re8 15. Re1 Bf8 16. c4 bxc4 17. Bxc4 cxb4 18. axb4 Bxd5 19. exd5 Ne7 20. Qb3 Qb6 21. Ra5 Nf5 22. Rea1 e4 23. Rxa6 Rxa6 24. Rxa6 Qb7 25. dxe4 Nxe4 26. Be1 Ng5 27. Kf1 g6 28. Rc6 Nxf3 29. Qxf3 Nd4 30. Qd3 Bg7 31. Bd2 Nxc6 32. dxc6 Qxc6 33. Bd5 Qa4 34. g3 Qd1+ 35. Kg2 Re1 36. Bxf7+ Kxf7 37. Qd5+ Re6 38. Qb7+ Re7 39. Qd5+ Kf8 40. Qa8+ Re8 41. Qd5 Qe2 42. Qxd6+ Kf7 43. Qd5+ Qe6 44. Qf3+ Kg8 45. b5 Qe4 46. b6 Qxf3+ 47. Kxf3 Bd4 48. Bxh6 Bxb6 49. h4 Kf7 50. Bf4 Ke6 51. Kg2 Kf5 52. f3 Re2+ 53. Kh3 Bg1 0-1


[Site "https://www.chess.com"]